 Dungeon Crawl Stone Soup version 0.31-a0-321-g19405a7a6a (webtiles) character file.

Game seed: 14978404656739733117

95 LeprechaunX the Changeling (level 4, -4/30 HPs)
             Began as an Octopode Shapeshifter on July 18, 2023.
             Slain by Grinder (6 damage)
             ... while paralysed by Grinder
             ... on level 3 of the Dungeon.
             The game lasted 00:02:57 (2155 turns).

LeprechaunX the Changeling (Octopode Shapeshifter)  Turns: 2155, Time: 00:02:58

Health: -4/30      AC:  1    Str: 16    XL:     4   Next: 65%
Magic:  4/4        EV:  2    Int: 10    God:
Gold:   96         SH:  0    Dex: 12    Spells: 3/3 levels left

rFire   . .          .
                       - Unarmed
rCold   . . .        (no shield)
rNeg    . . .        (helmet currently unavailable)
rPois   .            g - amulet of magic regeneration
rElec   .            (no ring)
rCorr   .            (no ring)
SInv    .            (no ring)
Will    .....        (no ring)
Stlth   ++           (no ring)
HPRegen 0.25/turn    (no ring)
MPRegen 0.49/turn    (no ring)
                     (no ring)

%: no passive effects
@: paralysed, beast-form
A: beast (slay +2), almost no armour, amphibious, 8 rings, camouflage 1,
gelatinous body 1, (nimble swimmer 1), tentacles
a: Begin Untransformation


You were on level 3 of the Dungeon.
You were a hulking beast.
You visited 1 branch of the dungeon, and saw 3 of its levels.

You collected 96 gold pieces.

Inventory:

Jewellery
 g - an amulet of magic regeneration (around mantle)
Talismans
 b - a beast talisman
Scrolls
 c - 5 scrolls of identify {unknown}
 d - 2 scrolls of revelation {unknown}
 e - a scroll of enchant armour {unknown}
 f - 3 scrolls of enchant weapon {unknown}
 k - a scroll of brand weapon {unknown}
 o - a scroll of poison {unknown}
 q - a scroll of noise {unknown}
 r - a scroll of vulnerability {unknown}
 s - 2 scrolls of torment {unknown}
Potions
 a - a potion of lignification
 h - a potion of enlightenment {unknown}
 i - a potion of haste {unknown}
 l - a potion of cancellation {unknown}
 m - a potion of magic {unknown}
 n - a potion of berserk rage {unknown}
 p - a potion of mutation {unknown}
 t - a potion of degeneration {unknown}


   Skills:
 + Level 2.5 Fighting
 + Level 2.4 Dodging
 * Level 3.1 Unarmed Combat
 * Level 3.6 Shapeshifting


You had 3 spell levels left.
You didn't know any spells.
Your spell library contained the following spells:

 Spells                   Type           Power      Damage    Failure   Level
 Magic Dart               Conj           0%         1d3       36%         1
 Call Imp                 Summ           0%         N/A       50%         2
 Mephitic Cloud           Conj/Pois/Air  0%         N/A       75%         3
 Portal Projectile        Hex/Tloc       0%         N/A       75%         3
 Tukima's Dance           Hex            0%         N/A       75%         3
 Iskenderun's Mystic Bla  Conj/Tloc      0%         2d3       98%         4
 Olgreb's Toxic Radiance  Pois           0%         N/A       98%         4
 Malign Gateway           Summ/Tloc      0%         N/A       100%        7
 Discord                  Hex            0%         N/A       100%        8
 Ignition                 Fire           0%         3d3       100%        8
 Summon Horrible Things   Summ           0%         N/A       100%        8


Dungeon Overview and Level Annotations

Branches:
Dungeon (3/15)

Altars:
Trog

Shops:
D:3 (

Annotations:
D:3 Grinder


Innate Abilities, Weirdness & Mutations

You are a hulking beast.
Your limbs bulge with bestial killing power. (Slay +2)
You cannot wear most types of armour.
You are amphibious.
You can wear up to eight rings at the same time.
Your skin changes colour to match your surroundings (Stealth+).
Your rubbery body absorbs attacks. (AC +1, EV +1)
((You are camouflaged when in or above water. (Stealth+)))
You have tentacles for arms and can constrict up to eight enemies at once.


Message History

You constrict Grinder.
Grinder blinks free!
You see here a curare-tipped dart.
j - a curare-tipped dart Throw: dart (curare)
Press: ? - help, Q - select action Shift-Dir - straight line, f/p - Grinder
Aim: Grinder (heavily wounded, 55% to hit)
You throw a curare-tipped dart. The curare-tipped dart hits Grinder.
Grinder is heavily wounded.
You tentacle-slap Grinder but do no damage.
Your grab misses Grinder.
Grinder is heavily wounded.
Grinder hits you!
You writhe in agony.
You barely miss Grinder. You grab Grinder.
Grinder is heavily wounded.
You constrict Grinder, but do no damage.
Grinder hits you.
You writhe in agony.
You tentacle-slap Grinder but do no damage.
You squeeze Grinder.
Grinder is severely wounded.
You constrict Grinder. Grinder closely misses you.
You barely miss Grinder.
Grinder is severely wounded.
You constrict Grinder, but do no damage.
Grinder hits you.
* * * LOW HITPOINT WARNING * * *
You writhe in agony.
* * * LOW HITPOINT WARNING * * *
You tentacle-slap Grinder.
Grinder is severely wounded.
You constrict Grinder. Grinder gestures at you.
You suddenly lose the ability to move!
You lose your grip on Grinder.
Grinder says, "There's only one good use for a tongue: cutting it out."
Grinder gestures at you. Pain shoots through your body!
* * * LOW HITPOINT WARNING * * *
Grinder hits you.
* * * LOW HITPOINT WARNING * * *
You writhe in agony.
You die...

#.#...................)#.##...#
#.#.##########.....#.#.#.##..|##
#.#.###...# ###...#.#.#..'....#
#.#...#.#.# #.###.#.####....#
#.#...#.#.# #...............#
#.#...#.#.##########.#.###.###.##
#.#.###.#............#..<#.......
#.#.#...##################.......
#.#.#.####....(5h.(.((.. #.......
#.#.#.# #.############# #∩.∩....
#.....# #.# #.....##
###.######.###### #∩.∩..##
#.............# #.....#.
########.####.# #.......
...........# #.......
.######.#.## ####.#.. #...# #.##.


You could see Grinder.

Vanquished Creatures
  A sleepcap (D:3)
  2 adders (D:3)
  2 dart slugs (D:2)
  4 bats
  9 endoplasms
  2 giant cockroaches
  5 goblins
  A hobgoblin (D:2)
  4 jackals (D:2)
  2 kobolds
  A quokka (D:2)
  3 ball pythons (D:1)
  A frilled lizard (D:1)
  5 rats
42 creatures vanquished.

Notes
Turn   | Place    | Note
-------+----------+-------------------------------------------
     0 | D:1      | LeprechaunX the Octopode Shapeshifter began the quest for
                  | the Orb.
     0 | D:1      | Reached XP level 1. HP: 14/14 MP: 1/1
   166 | D:1      | Reached XP level 2. HP: 18/19 MP: 2/2
   811 | D:2      | Reached XP level 3. HP: 21/24 MP: 3/3
  1038 | D:2      | Found a bloodstained altar of Trog.
  1462 | D:3      | Found Noodak's Weapon Shop.
  1619 | D:3      | Reached XP level 4. HP: 9/30 MP: 4/4
  2132 | D:3      | Noticed Grinder
  2138 | D:3      | Paralysed by Grinder for 2 turns
  2153 | D:3      | Paralysed by Grinder for 3 turns
  2155 | D:3      | Slain by Grinder

Illustrated notes

Levels and vault maps discovered:
D:1:      dpeg_arrival_windows_large_door, layout_basic, minmay_box_of_dots
D:2:      layout_loops_ring, basic_altar
D:3:      layout_basic, serial_shops, nicolae_shop_competitors_out_of_business,
          wad_floor_pattern_untrapped, uniq_grinder

Skill      XL: |  1  2  3 |
---------------+----------+-----
Unarmed Combat | 3 |  3.1
Fighting       | |  2.5
Dodging        | |  2.4
Shapeshifting  | |  3.6

Action                     |  1- 3 |  4- 6 || total
---------------------------+-------+-------++-------
  Melee: Unarmed           |    71 |    14 ||    85
         Tentacles         |     9 |     3 ||    12
         Constrict         |    13 |     5 ||    18
         Punch             |     1 |     1 ||     2
  Throw: Dart              |       |     5 ||     5
   Stab: Sleeping          |     8 |     1 ||     9
 Armour: Skin              |     2 |       ||     2
  Dodge: Dodged            |    23 |     5 ||    28

Table legend: (Time is in decaauts)
 A = Elapsed time spent in this place.
 B = Non-inter-level travel time spent in this place.
 C = Inter-level travel time spent in this place.
 D = Time resting spent in this place.
 E = Time spent auto-exploring this place.
 F = Levels seen in this place.
 G = Mean time per level.
                   A        B        C        D        E       F      G
               +--------+--------+--------+--------+--------+-----+--------+
         Total |   2149 |   2095 |     54 |     82 |   1707 |   3 |  716.3 |
       Dungeon |   2149 |   2095 |     54 |     82 |   1707 |   3 |  716.3 |
               +--------+--------+--------+--------+--------+-----+--------+

Top non-repeatable levels by time:
     D:2: 759 daAuts
     D:3: 710 daAuts
     D:1: 679 daAuts
